[ AOE2 MATCH · #467264277 ]
UnrankedMagyars vs Goths
[ REPLAY ANALYSIS · EXTRACTED FROM THE RECORDED GAME ]
Feudal
—
Castle
—
Imperial
—
| APM avg | 51.6 |
| APM peak | 18 |
| eAPM avg | 31.5 |
| Villagers / military | 4 / 0 |
Focus
⚔️ 0.0% · 🌾 100.0%
Feudal
—
Castle
—
Imperial
—
| APM avg | 17.2 |
| APM peak | 6 |
| eAPM avg | 17.2 |
| Villagers / military | 0 / 0 |
Focus
⚔️ 0.0% · 🌾 100.0%
Feudal
—
Castle
—
Imperial
—
| APM avg | 43.0 |
| APM peak | 15 |
| eAPM avg | 17.2 |
| Villagers / military | 1 / 0 |
Focus
⚔️ 0.0% · 🌾 100.0%
Feudal
—
Castle
—
Imperial
—
| APM avg | 14.3 |
| APM peak | 5 |
| eAPM avg | 11.5 |
| Villagers / military | 0 / 0 |
Focus
⚔️ 0.0% · 🌾 100.0%
Feudal
—
Castle
—
Imperial
—
| APM avg | 48.7 |
| APM peak | 17 |
| eAPM avg | 40.1 |
| Villagers / military | 4 / 0 |
Focus
⚔️ 0.0% · 🌾 100.0%
Feudal
—
Castle
—
Imperial
—
| APM avg | 91.7 |
| APM peak | 32 |
| eAPM avg | 31.5 |
| Villagers / military | 4 / 0 |
Focus
⚔️ 0.0% · 🌾 100.0%
Feudal
—
Castle
—
Imperial
—
| APM avg | 17.2 |
| APM peak | 6 |
| eAPM avg | 17.2 |
| Villagers / military | 0 / 0 |
Match map
Initial resources + every placement click. Lines = walls · curves = elevation contours. ◆ gold · ⬟ stone · ● berries · ✦ relic · ◌ wall gap
Inputs per minute
— RVN_Kataphraktos - - GL.Prodflop
Build order — RVN_Kataphraktos
3 actions detected in the replay
| 0:01 | Queue | Villager (Male) ×4 |
| 0:04 | Build | House |
| 0:05 | Build | House |
Build order — GL.Prodflop
1 actions detected in the replay
| 0:06 | Build | House |
Build order — RVN_Mr Fox
3 actions detected in the replay
| 0:07 | Queue | Villager (Male) |
| 0:09 | Build | House |
| 0:10 | Build | House |
Build order — SACT
1 actions detected in the replay
| 0:11 | Build | House |
Build order — Salamander GUA
6 actions detected in the replay
| 0:01 | Queue | Villager (Male) |
| 0:01 | Queue | Villager (Male) |
| 0:01 | Queue | Villager (Male) |
| 0:03 | Build | House |
| 0:04 | Build | House |
| 0:06 | Queue | Villager (Male) |
Build order — RVN_pH
6 actions detected in the replay
| 0:00 | Queue | Villager (Male) |
| 0:01 | Queue | Villager (Male) |
| 0:02 | Build | House |
| 0:02 | Build | House |
| 0:04 | Queue | Villager (Male) |
| 0:04 | Queue | Villager (Male) |
Build order — [XEVER]_AlarconFalcon
0 actions detected in the replay
Match timeline
| 0:09 | GL.Prodflop · resign |
[ AI ANALYSIS · 1 CREDIT ]
What really happened in this match?
Wolo.gg analyzes every decision: build order, eco, micro, common mistakes by bracket. Personalized analysis on WhatsApp or Discord in 30 seconds.
Civ guide
Magyars
Perfil
Jugador #1508146